 Dungeon Crawl Stone Soup version 0.21.1-1-g345015f (webtiles) character file.

46 Iko the Charmwright (level 3, 0/29 HPs)
             Began as a Centaur Skald on May 11, 2018.
             Slain by an orc
             ... wielding a cursed -1 flail
              (7 damage)
             ... on level 2 of the Dungeon.
             The game lasted 00:07:08 (701 turns).

Iko the Charmwright (Centaur Skald)                  Turns: 701, Time: 00:07:09

Health: 0/29       AC:  9    Str: 13    XL:     3   Next: 44%
Magic:  3/5        EV:  8    Int: 12    God:
Gold:   48         SH:  0    Dex:  9    Spells: 4/5 levels left

rFire    . . .     SeeInvis .   b - +0 mace
rCold    . . .     Gourm    .   (no shield)
rNeg     . . .     Faith    .   f - +3 ring mail
rPois    .         Spirit   .   h - +0 helmet
rElec    .         Reflect  .   (no cloak)
rCorr    .         Harm     .   (no gloves)
MR       .....                  (no barding)
Stlth    ..........             e - amulet of rage
HPRegen  0.09/turn              (no ring)
MPRegen  0.09/turn              (no ring)

@: infused, very quick
A: large, hooves 3, deformed body, speed 2, tough skin 3
a: Evoke Berserk Rage


You were on level 2 of the Dungeon.
You were not hungry.

You visited 1 branch of the dungeon, and saw 3 of its levels.

You collected 48 gold pieces.

Inventory:

Hand Weapons
 b - a +0 mace (weapon)
Armour
 f - a +3 ring mail (worn)
 h - a +0 helmet (worn)
Jewellery
 e - an amulet of rage (around neck)
Potions
 g - a potion of curing
Books
 c - a book of Battle

   Spells                             Type                      Level
   a - Infusion                       Charms                       1
   b - Shroud of Golubria             Charms/Translocation         2
   c - Song of Slaying                Charms                       2
   d - Spectral Weapon                Hexes/Charms                 3
   e - Regeneration                   Charms/Necromancy            3
Comestibles
 d - 5 rations


   Skills:
 + Level 2.2 Fighting
   Level 2.1 Polearms
 + Level 0.7 Armour
 + Level 2.1 Dodging
 + Level 1.8 Spellcasting
 + Level 3.0 Charms


You had 4 spell levels left.
You knew the following spells:

 Your Spells              Type           Power        Failure   Level  Hunger
a - Infusion              Chrm           #...         17%         1    ##.....


Dungeon Overview and Level Annotations

Branches:
Dungeon (3/15)

Altars:


Innate Abilities, Weirdness & Mutations

You have hooves in place of feet.
Armour fits poorly on your strangely shaped body.
You cover ground very quickly.
You have extremely tough skin. (AC +3)


Message History

You extend your infusion's duration.
The orc hits you but does no damage. The rat bites you.
The orc hits you with a flail. The orc hits you with a short sword.
You barely miss the orc. The orc hits you but does no damage.
The rat barely misses you. The orc hits you but does no damage. x2
You closely miss the orc. You kick the orc.
The orc is lightly wounded.
The orc barely misses you. The rat bites you. The orc completely misses you.
The orc hits you but does no damage. The orc misses you.
The rat closely misses you. The orc hits you but does no damage.
You barely miss the orc.
The orc is lightly wounded.
The orc hits you with a flail.
* * * LOW HITPOINT WARNING * * *
The orc hits you but does no damage. The rat barely misses you.
The orc hits you but does no damage.
You barely miss the orc.
The orc is lightly wounded.
The orc hits you with a flail!
You die...

.......# #.......#
#......... .....)##
#.......## #(........
..##.## #.......#
#..>...... ..##># #.......#
#......... ..##.#
#...#....# ##.........
#.##.. ###. #...##
#....[...(. ..####
....####...###..........
)## . #..o.o......#########
.. #.#..r@.......# .##
.#..o.......## .. #
#............# .#
.............#.#### ##
##..##..####......#
#########......####...#####
..........##(....()(..#
..............#####...#
.........##########...#


You could see 3 orcs and a rat.

Vanquished Creatures
  An ooze (D:1)
  A dart slug (D:1)
  2 orcs (D:2)
  2 giant cockroaches (D:2)
  6 goblins (D:2)
  3 hobgoblins
  2 jackals (D:2)
  7 kobolds
  A quokka (D:2)
  A ball python (D:2)
  4 bats
  2 frilled lizards
  4 rats (D:2)
36 creatures vanquished.

Notes
Turn   | Place    | Note
-------+----------+-------------------------------------------
     0 | D:1      | Iko the Centaur Skald began the quest for the Orb.
     0 | D:1      | Reached XP level 1. HP: 17/17 MP: 3/3
   160 | D:1      | Reached XP level 2. HP: 8/24 MP: 0/4
   496 | D:2      | Reached XP level 3. HP: 13/29 MP: 3/5
   673 | D:2      | Reached skill level 3 in Charms
   701 | D:2      | Slain by an orc

Skill      XL: |  1  2  3 |
---------------+----------+-----
Dodging        | 2 |  2.1
Polearms       | 2 |  2.1
Charms         | 3 |  3.0
Fighting       | |  2.2
Armour         | |  0.7
Spellcasting   | |  1.8

Action                   || total
-------------------------++-------
Melee: Spear             ||    94
       Kick              ||    12
       Mace              ||     4
 Cast: Infusion          ||     7
  Use: Scroll            ||     4
       Potion            ||     2
Armor: Leather armour    ||    19
       Ring mail         ||    71
Dodge: Dodged            ||    81
